 Dungeon Sprint DCSS version 0.20-a0-1008-g0de3dc5 (webtiles) character file.

4002 lordofpotatos the Fighter (level 10, -2/92 HPs)
             Began as a Demonspawn Fighter on Apr 14, 2017.
             Slain by a stone giant (27 damage)
             ... in the Dungeon (Sprint V: "Ziggurat Sprint") on Apr 15, 2017.
             The game lasted 00:13:25 (741 turns).

lordofpotatos the Fighter (Demonspawn Fighter)       Turns: 741, Time: 00:13:25

Health: -2/92      AC: 39    Str: 34    XL:     10   Next: 3%
Magic:  17/20      EV: 13    Int:  8    God:
Gold:   0          SH:  0    Dex: 25    Spells: 9/9 levels left

rFire    x . .     SeeInvis .   x - +5 falchion of Kinopluank {elec, rF- Dex+7}
rCold    . . .     Gourm    .   (no shield)
rNeg     . . .     Faith    .   w - +15 Maxwell's patent armour {-Cast -Tele rElec MR+ rCorr}
rPois    +         Spirit   .   (no helmet)
rElec    +         Reflect  .   (no cloak)
rCorr    +         Harm     .   (no gloves)
MR       +....     NoTele   +   (no boots) Stlth ..........NoCast +
                                (no amulet)
Regen    0.3/turn               z - +6 ring of strength
MPRegen  0.2/turn               l - ring "Fureewus" {MP+9 AC+3}

@: mighty, agile, exhausted, sanguine armour, very slightly contaminated, hasted
and slowed
A: hooves 2, high mp 1, poison resistance, powered by death 2, powered by pain
1, strong 1, acidic bite, tendrils, jelly sensing items, jelly absorbing
missiles, sanguine armour 1
a: no special abilities


You were in the Dungeon.
You were very full.

You visited 1 branch

Inventory:

Hand Weapons
 v - a +5 lajatang of flaming
 x - the +5 falchion of Kinopluank (weapon) {elec, rF- Dex+7}
   (You found it in the Dungeon)

   Occasionally, upon striking a foe, it will discharge some electrical energy
   and cause terrible harm.
   It affects your dexterity (+7).
   It makes you vulnerable to fire.
Armour
 w - the +15 Maxwell's patent armour (worn) {-Cast -Tele rElec MR+ rCorr}
   (You found it in the Dungeon)

   It insulates you from electricity.
   It affects your resistance to hostile enchantments.
   It prevents spellcasting.
   It prevents most forms of teleportation.
   It protects you from acid and corrosion.
Jewellery
 l - the ring "Fureewus" (right hand) {MP+9 AC+3}
   (You found it in the Dungeon)

   [ring of protection]

   It affects your AC (+3).
   It affects your magic capacity (+9).
 z - a +6 ring of strength (left hand)
Scrolls
 j - 4 scrolls of blinking
 n - 4 scrolls of amnesia
 o - 3 scrolls of recharging
 p - 7 scrolls of fog
 q - 5 scrolls of identify
 r - 5 scrolls of remove curse
 s - 2 scrolls of fear
Potions
 a - 2 potions of brilliance
 b - 2 potions of invisibility
 c - 2 potions of might
 e - 7 potions of curing
 f - 5 potions of heal wounds
 g - 4 potions of haste
 h - 7 potions of magic
 i - 2 potions of berserk rage
 k - 4 potions of resistance
 m - 4 potions of agility
Comestibles
 d - 5 bread rations
 t - 42 fruits
 u - 4 meat rations


   Skills:
 + Level 13.4 Fighting
 * Level 4.2 Long Blades
 - Level 11.8 Staves
 + Level 12.5 Armour
   Level 2.6 Shields
 - Level 1.7 Unarmed Combat


You had 9 spell levels left.
You didn't know any spells.

Dungeon Overview and Level Annotations

Branches:
Dungeon (1/1)

Altars:
Ashenzari
Cheibriados
Dithmenos
Elyvilon
Fedhas
Gozag
Hepliaklqana
Kikubaaqudgha
Makhleb
Nemelex Xobeh
Okawaru
Qazlal
Ru
Sif Muna
Trog
Uskayaw
Vehumet
Wu Jian
Xom
Yredelemnul
Zin
The Shining One
Beogh
Jiyva
Lugonu


Innate Abilities, Weirdness & Mutations

You have hoof-like feet.
You regenerate health from kills.
You sometimes gain a little power by taking damage.
When seriously injured, your bleeding wounds create armour. (AC +6)
You have an increased reservoir of magic. (+10% MP)
Your system is resistant to poisons. (rPois)
Your muscles are strong. (Str +2)
You have acidic saliva.
You are covered in slimy tendrils that may disarm your opponents.
You have a small jelly attached to you that senses nearby items.
You have a small jelly attached to you that may absorb incoming projectiles.


Message History

* * * LOW HITPOINT WARNING * * *
You closely miss the vault guard. Your kick misses the vault guard.
The vault guard is moderately wounded.
You are no longer berserk.
You are exhausted.
You feel yourself slow down.
The ogre mage hits you but does no damage.
The vault guard hits you but does no damage.
You feel much better.
The ogre mage hits you but does no damage.
The stone giant hits you.
The ogre mage hits you from afar with a halberd!
* * * LOW HITPOINT WARNING * * *
The ironbrand convoker casts a spell at the water moccasin.
The water moccasin seems to grow stronger.
The vault guard hits you but does no damage.
The vault guard blocks your attack.
Your kick misses the vault guard.
The vault guard is moderately wounded.
The ogre mage closely misses you. The stone giant hits you!!
You die...

▓...8©8...▓..8©8..▓
▓..|=[=...▓..|):..▓
▓...)=:...▓..|)...▓
▓.........▓.......▓
▓.........▓.......▓
▓.........▓.......▓
▓...)..O..▓.......▓
▓.▓..)SC▓.▓.▓†††▓.▓
▓....pCp@.▓.......▓
▓▓▓▓▓▓▓▓▓▓▓▓▓▓▓▓▓▓▓
▓..8©8..▓ ∆∆∆∆∆
▓....|..▓ ∆∆∆
▓...}|..▓ ▓..=....▓
▓.......▓ ▓.......▓
▓.......▓


You could see a frost giant, a stone giant, a vault guard, an ogre mage, an
ironbrand convoker and a water moccasin shaped shifter.

Vanquished Creatures
  2 hell hogs (D)
  An ironbrand convoker (D)
  A rime drake (D)
  A spriggan (D)
  A fire elemental (D)
  A tarantella (D)
  2 golden eyes (D)
  A porcupine (D)
  2 hell hounds (D)
  A swamp drake (D)
  2 black bears (D)
  3 wolves (D)
  A bullfrog (D)
  3 scorpions (D)
  A crimson imp (D)
  A jelly (D)
  A quasit (D)
  An iron imp (D)
  An iguana (D)
  A river rat (D)
  An ufetubus (D)
  A jackal (D)
  A fire vortex (D)
31 creatures vanquished.

Vanquished Creatures (others)
  3 jellies (D)
3 creatures vanquished.

Grand Total: 34 creatures vanquished

Notes
Turn   | Place    | Note
-------+----------+-------------------------------------------
     0 | D        | lordofpotatos the Demonspawn Fighter began the quest for the Orb.
     0 | D        | Reached XP level 1. HP: 18/18 MP: 1/1
    12 | D        | Found a blossoming altar of Fedhas.
    13 | D        | Found a deep blue altar of Sif Muna.
    13 | D        | Found a sacrificial altar of Ru.
    13 | D        | Found a bloodstained altar of Trog.
    13 | D        | Found a stormy altar of Qazlal.
    13 | D        | Found an iron altar of Okawaru.
    13 | D        | Found a sparkling altar of Nemelex Xobeh.
    15 | D        | Found an ancient bone altar of Kikubaaqudgha.
    15 | D        | Found a viscous altar of Jiyva.
    15 | D        | Found a corrupted altar of Lugonu.
    15 | D        | Found a hazy altar of Hepliaklqana.
    15 | D        | Found a burning altar of Makhleb.
    15 | D        | Found an opulent altar of Gozag.
    74 | D        | Became a worshipper of Jiyva Jiejugro the Shapeless
    77 | D        | Reached * piety under Jiyva
    77 | D        | Reached ** piety under Jiyva
    77 | D        | Reached *** piety under Jiyva
    77 | D        | Reached **** piety under Jiyva
    77 | D        | Gained mutation: You have a small jelly attached to you that senses nearby items. [Jiyva's grace]
    79 | D        | Reached ***** piety under Jiyva
    80 | D        | Lost mutation: You have a small jelly attached to you that senses nearby items. [Jiyva's grace]
    80 | D        | Gained mutation: You have sharp toenails. [Jiyva's grace]
    80 | D        | Gained mutation: Your flesh is cold resistant. (rC+) [Jiyva's grace]
    82 | D        | Reached ****** piety under Jiyva
    82 | D        | Lost mutation: You have sharp toenails. [Jiyva's grace]
    82 | D        | Lost mutation: Your flesh is cold resistant. (rC+) [Jiyva's grace]
    82 | D        | Gained mutation: Your spells are a little harder to cast, but a little more powerful. [Jiyva's grace]
    82 | D        | Gained mutation: You have a small jelly attached to you that senses nearby items. [Jiyva's grace]
    88 | D        | Lost mutation: Your spells are a little harder to cast, but a little more powerful. [Jiyva's grace]
    88 | D        | Gained mutation: You tend to lose your temper in combat. [Jiyva's grace]
    88 | D        | Lost mutation: You have a small jelly attached to you that senses nearby items. [Jiyva's grace]
    90 | D        | Gained mutation: Your mind is acute. (Int +2) [Jiyva's grace]
    91 | D        | Lost mutation: Your mind is acute. (Int +2) [Jiyva's grace]
    91 | D        | Gained mutation: Your flesh is cold resistant. (rC+) [Jiyva's grace]
    91 | D        | Gained mutation: You expend magic power (3 MP) to strengthen your wands. [Jiyva's grace]
    91 | D        | Gained mutation: Armour fits poorly on your strangely shaped body. [Jiyva's grace]
    94 | D        | Gained mutation: You have sharp toenails. [Jiyva's grace]
    96 | D        | Gained mutation: You have a small jelly attached to you that senses nearby items. [Jiyva's grace]
    96 | D        | Gained mutation: You have a pair of small horns on your head. [Jiyva's grace]
    96 | D        | Lost mutation: You have sharp toenails. [Jiyva's grace]
    98 | D        | Lost mutation: You have a pair of small horns on your head. [Jiyva's grace]
    98 | D        | Gained mutation: Your magical capacity is low. (-10% MP) [Jiyva's grace]
    98 | D        | Gained mutation: Your spells are a little harder to cast, but a little more powerful. [Jiyva's grace]
    98 | D        | Gained mutation: Your body has grown golden eyes which may confuse attackers. (Acc +3) [Jiyva's grace]
    98 | D        | Gained mutation: Your flesh is heat resistant. (rF+) [Jiyva's grace]
    98 | D        | Gained mutation: You are resistant to hostile enchantments. (MR+) [Jiyva's grace]
    98 | D        | Lost mutation: You tend to lose your temper in combat. [Jiyva's grace]
    98 | D        | Lost mutation: Your flesh is heat resistant. (rF+) [Jiyva's grace]
    98 | D        | Lost mutation: Your magical capacity is low. (-10% MP) [Jiyva's grace]
    98 | D        | Lost mutation: Your spells are a little harder to cast, but a little more powerful. [Jiyva's grace]
    98 | D        | Lost mutation: Your flesh is cold resistant. (rC+) [Jiyva's grace]
    98 | D        | Lost mutation: You have a small jelly attached to you that senses nearby items. [Jiyva's grace]
    99 | D        | Lost mutation: Armour fits poorly on your strangely shaped body. [Jiyva's power]
   100 | D        | Lost mutation: You expend magic power (3 MP) to strengthen your wands. [Jiyva's power]
   102 | D        | Gained mutation: You are somewhat resistant to further mutation. [Jiyva's grace]
   110 | D        | Lost mutation: Your body has grown golden eyes which may confuse attackers. (Acc +3) [Jiyva's grace]
   114 | D        | Gained mutation: Your spells are a little harder to cast, but a little more powerful. [Jiyva's grace]
   120 | D        | Lost mutation: Your spells are a little harder to cast, but a little more powerful. [Jiyva's grace]
   124 | D        | Lost mutation: You are resistant to hostile enchantments. (MR+) [Jiyva's grace]
   128 | D        | Gained mutation: You have an increased reservoir of magic. (+10% MP) [Jiyva's grace]
   132 | D        | Gained mutation: You are clumsy. (Dex -2) [Jiyva's grace]
   135 | D        | Gained mutation: Your body has grown golden eyes which may confuse attackers. (Acc +3) [Jiyva's grace]
   140 | D        | Gained mutation: You have acidic saliva. [Jiyva's grace]
   142 | D        | Gained mutation: You have a small jelly attached to you that may absorb incoming projectiles. [Jiyva's grace]
   142 | D        | Gained mutation: You have a small jelly attached to you that senses nearby items. [Jiyva's grace]
   144 | D        | Gained mutation: You possess an exceptional clarity of mind. [Jiyva's grace]
   144 | D        | Lost mutation: You are clumsy. (Dex -2) [Jiyva's grace]
   144 | D        | Lost mutation: You possess an exceptional clarity of mind. [Jiyva's grace]
   144 | D        | Gained mutation: You have sharp toenails. [Jiyva's grace]
   144 | D        | Gained mutation: You are covered in slimy tendrils that may disarm your opponents. [Jiyva's grace]
   144 | D        | Lost mutation: You are somewhat resistant to further mutation. [Jiyva's grace]
   144 | D        | Lost mutation: Your body has grown golden eyes which may confuse attackers. (Acc +3) [Jiyva's grace]
   147 | D        | Gained mutation: Your muscles are strong. (Str +2) [Jiyva's grace]
   147 | D        | Gained mutation: Your system is resistant to poisons. (rPois) [Jiyva's grace]
   147 | D        | Lost mutation: You have sharp toenails. [Jiyva's grace]
   148 | D        | Fell from the grace of Jiyva
   150 | D        | Entered arena 1.
   150 | D        | Noticed a swamp drake
   150 | D        | Noticed a rime drake
   157 | D        | Killed a swamp drake
   157 | D        | Reached skill level 5 in Fighting
   157 | D        | Reached skill level 5 in Armour
   157 | D        | Gained mutation: You have large cloven feet. [demonic ancestry]
   157 | D        | Reached XP level 2. HP: 28/28 MP: 2/2
   157 | D        | Reached XP level 3. HP: 34/34 MP: 3/3
   157 | D        | Gained mutation: You regenerate a little health from kills. [demonic ancestry]
   157 | D        | Reached XP level 4. HP: 40/40 MP: 4/4
   158 | D        | Killed a rime drake
   158 | D        | Reached skill level 8 in Fighting
   158 | D        | Gained mutation: You have hoof-like feet. [demonic ancestry]
   158 | D        | Reached XP level 5. HP: 49/49 MP: 5/5
   158 | D        | Reached XP level 6. HP: 56/56 MP: 6/6
   183 | D        | Reached skill level 9 in Fighting
   183 | D        | Gained mutation: When seriously injured, your bleeding wounds create armour. (AC +6) [demonic ancestry]
   183 | D        | Reached XP level 7. HP: 65/65 MP: 7/7
   187 | D        | Entered arena 2.
   187 | D        | Noticed a golden eye
   187 | D        | Noticed a golden eye
   207 | D        | Killed a golden eye
   207 | D        | Reached skill level 10 in Fighting
   249 | D        | Killed a golden eye
   278 | D        | Entered arena 3.
   278 | D        | Noticed a tarantella
   282 | D        | Killed a tarantella
   282 | D        | Gained mutation: You sometimes gain a little power by taking damage. [demonic ancestry]
   282 | D        | Reached XP level 8. HP: 73/74 MP: 8/8
   284 | D        | Reached skill level 10 in Armour
   301 | D        | Reached skill level 11 in Fighting
   356 | D        | Entered arena 4.
   384 | D        | Got the ring "Fureewus" {MP+9 AC+3}
   386 | D        | Got the ring of Zaocwoumuc {rF+ rN+ MR- Int+4 Dex+4}
   396 | D        | Entered arena 5.
   398 | D        | Reached skill level 10 in Staves
   419 | D        | Got the +10 storm dragon scales of Depression {rElec Slay+2}
   451 | D        | Entered arena 6.
   451 | D        | Noticed a hell hog
   451 | D        | Noticed a hell hog
   459 | D        | Reached skill level 12 in Fighting
   459 | D        | Gained mutation: You regenerate health from kills. [demonic ancestry]
   459 | D        | Reached XP level 9. HP: 36/82 MP: 9/9
   471 | D        | Killed a hell hog
   475 | D        | Killed a hell hog
   475 | D        | Reached skill level 13 in Fighting
   498 | D        | Got the +5 falchion of Kinopluank {elec, rF- Dex+7}
   613 | D        | Entered arena 7.
   619 | D        | Reached skill level 1 in Long Blades
   724 | D        | Entered arena 8.
   724 | D        | Noticed a frost giant
   724 | D        | Noticed an ironbrand convoker
   724 | D        | Noticed an ogre mage
   724 | D        | Noticed an ironbrand convoker
   724 | D        | Noticed a stone giant
   724 | D        | Noticed a vault guard
   732 | D        | Killed an ironbrand convoker
   732 | D        | Reached XP level 10. HP: 29/92 MP: 11/11
   735 | D        | HP: 6/138 [frost giant/bolt of cold (9)]
   741 | D        | Slain by a stone giant

Vault maps used:
D:        sprint_v

Skill      XL: |  1  2  3  4  5  6  7  8  9 |
---------------+----------------------------+-----
Fighting       | 5 8 9 10 12 13 | 13.4
Staves         | 4 6 8 9 10 11 | 11.8
Armour         | 5 7 9 11 12 | 12.5
Long Blades    | 4 |  4.2
Shields        | |  2.6
Unarmed Combat | |  1.7

Action                   |  1- 3 |  4- 6 |  7- 9 | 10-12 || total
-------------------------+-------+-------+-------+-------++-------
Melee: Lajatang          |     4 |     1 |    87 |       ||    92
       Kick              |       |       |    40 |     3 ||    43
       Bite              |       |       |    13 |       ||    13
       Falchion          |       |       |    21 |     5 ||    26
Invok: Cure Bad Mutation |     2 |       |       |       ||     2
       Renounce Religion |     1 |       |       |       ||     1
  Use: Potion            |     2 |     1 |    13 |     1 ||    17
       Scroll            |       |       |     1 |       ||     1
Armor: Plate armour      |     6 |       |   209 |    10 ||   225
Dodge: Dodged            |     5 |       |   120 |     4 ||   129
       Rpst.: Falchion   |       |       |     7 |     1 ||     8
